Map: Frozen Temple

Players

MaSa

  • Race: Terran Terran

ShoWTimE - Winner!

  • Race: Protoss Protoss

Event: IEM Season 11 - Shanghai

VOD

Have the link to the VOD?

Description

Time

  • Played on: July 28, 2016, 12:15 p.m.
  • Length: 14:59

All games in this series

Show
View Real Time Build Order
Export as new Build Order

MaSa Terran 

Build Orders: Reaper Expand, MMM Bio 

Get SALT Encoding   

  12  0:00  SCV  
  13  0:12  SCV  
  14  0:18  Supply Depot  
  14  0:25  SCV  
  14  0:28  Refinery  
  15  0:39  SCV  
  16  0:44  Barracks  
  16  0:51  SCV  
  17  1:03  SCV  
  18  1:15  SCV  
  19  1:31  Reaper  
  19  1:32  Orbital Command  
  20  1:44  Command Center  
  20  1:54  Factory  
  20  1:57  SCV  
  21  2:06  Barracks Reactor  
  21  2:07  Supply Depot  
  21  2:10  SCV  
  22  2:16  Refinery  
  23  2:22  SCV  
  23  2:35  SCV  
  24  2:42  Starport  
  24  2:43  Marine x2  
  26  2:47  SCV  
  27  2:53  Widow Mine  
  29  2:59  Orbital Command, SCV  
  29  3:01  Marine x2  
  32  3:12  SCV  
  33  3:18  Marine  
  33  3:19  Marine  
  35  3:20  Medivac  
  35  3:21  Widow Mine  
  35  3:24  SCV  
  40  3:28  SCV  
  41  3:36  SCV  
  41  3:39  Marine x2  
  44  3:41  Supply Depot  
  44  3:44  SCV  
  45  3:52  Barracks  
  45  3:55  SCV  
  46  4:02  Widow Mine  
  46  4:03  Medivac, SCV  
  46  4:05  Bunker  
  46  4:07  SCV  
  46  4:08  Supply Depot  
  52  4:15  SCV  
  53  4:17  Marine  
  53  4:21  Supply Depot  
  53  4:22  Engineering Bay  
  54  4:29  Marine, SCV x2  
  57  4:32  Liberator, Factory Tech Lab, Refinery  
  57  4:41  SCV  
  57  4:44  SCV  
  58  4:49  Barracks Tech Lab  
  58  4:51  Barracks x2  
  61  4:53  SCV  
  61  4:59  SCV  
  61  5:07  Marine x2  
  54  5:08  Siege Tank, SCV  
  60  5:14  SCV  
  60  5:19  Terran Infantry Weapons Level 1  
  60  5:22  Stimpack  
  60  5:23  Barracks  
  60  5:24  Marine  
  60  5:25  Marine  
  60  5:26  SCV  
  60  5:27  SCV  
  62  5:32  Marine  
  61  5:39  SCV  
  61  5:40  Barracks Reactor  
  61  5:41  Barracks Tech Lab  
  61  5:42  Marine x2, SCV  
  63  5:43  Medivac, Siege Tank, Refinery  
  63  5:44  Supply Depot  
  63  5:46  Supply Depot  
  63  5:48  Missile Turret  
  70  5:56  Supply Depot  
  70  6:05  Marine, SCV x2  
  70  6:06  Supply Depot  
  70  6:07  Supply Depot  
  70  6:08  Marine x2  
  70  6:09  Marauder  
  77  6:14  Medivac  
  77  6:18  Siege Tank, SCV  
  83  6:24  SCV  
  84  6:26  Missile Turret  
  84  6:27  Marine x3  
  87  6:33  Combat Shields  
  87  6:34  Marine x2  
  87  6:36  SCV  
  90  6:41  SCV  
  91  6:48  SCV  
  91  6:50  Liberator  
  91  6:53  Command Center  
  92  6:55  Liberator  
  92  6:56  Barracks Reactor  
  92  6:57  Marine  
  92  7:00  SCV  
  94  7:03  Marine x3  
  94  7:04  Barracks Tech Lab  
  100  7:11  Factory Reactor  
  100  7:13  SCV  
  100  7:14  SCV  
  105  7:18  Terran Infantry Armor Level 1  
  105  7:19  Marauder  
  105  7:21  Concussive Shells  
  107  7:23  Marine x2  
  107  7:26  Supply Depot  
  107  7:29  Supply Depot  
  109  7:32  Supply Depot  
  109  7:35  Marauder  
  109  7:41  Marine, Marauder  
  109  7:42  Marine  
  109  7:43  Marine  
  108  7:45  Marine x2  
  104  7:51  Liberator  
  104  7:54  Liberator  
  104  7:56  Marine  
  105  7:59  Marine  
  105  8:03  Marauder  
  105  8:04  Marauder  
  113  8:19  SCV x2  
  115  8:21  Marine  
  115  8:22  Marine  
  115  8:23  Widow Mine  
  115  8:24  Marine  
  120  8:31  SCV  
  121  8:35  Marauder x2  
  121  8:36  Marauder  
  121  8:37  Liberator, SCV  
  127  8:46  SCV  
  127  8:47  Starport  
  128  8:49  SCV  
  128  8:51  Widow Mine  
  134  9:05  SCV x2  
  134  9:09  Liberator  
  136  9:14  Missile Turret  
  136  9:17  Missile Turret  
  136  9:18  Missile Turret  
  136  9:19  Refinery  
  136  9:20  Fusion Core  
  136  9:21  Refinery  
  136  9:24  Starport Tech Lab  
  139  9:32  SCV  
  139  9:33  Liberator  
  139  9:34  SCV  
  141  9:40  Supply Depot  
  141  9:43  Supply Depot  
  141  9:45  Missile Turret  
  140  9:49  Liberator  
  140  9:51  Marine, Marauder  
  142  9:56  Marine x2  
  142  9:58  Marine x2  
  141  10:08  Marauder  
  141  10:13  Marauder  
  140  10:14  Marine  
  139  10:23  Advanced Ballistics  
  139  10:24  Marine  
  138  10:32  Armory  
  138  10:33  Orbital Command  
  138  10:35  Liberator  
  136  10:55  Marine x2  
  136  10:56  Marine, Marauder x2  
  146  11:05  Supply Depot, Marauder  
  146  11:07  Supply Depot  
  146  11:08  Refinery  
  146  11:09  Supply Depot  
  148  11:12  Liberator, Marine  
  148  11:18  Supply Depot  
  149  11:19  Supply Depot  
  149  11:20  Marine  
  149  11:21  Marauder  
  149  11:27  Marine, Marauder x2  
  155  11:33  Liberator  
  155  11:34  Marine  
  155  11:38  Marine x2  
  134  11:42  Marauder  
  124  11:49  Marauder x2  
  131  12:04  Marine x3, Marauder  
  131  12:07  Liberator, Marine  
  137  12:10  Marauder x2  
  141  12:21  Marine x2  
  141  12:22  Marine  
  141  12:23  Widow Mine x2, Orbital Command  
  141  12:25  Marine  
  141  12:29  SCV x2  
  151  12:38  Terran Infantry Weapons Level 2  
  145  12:51  SCV  
  145  12:52  SCV  
  145  12:53  SCV  
  145  12:54  Viking  
  150  12:59  Viking  
  150  13:04  SCV  
  152  13:09  Marine, Marauder x2  
  157  13:13  Viking  
  157  13:18  Marine x3  
  160  13:22  Marine  
  160  13:27  Viking, Marine  
  155  13:30  Marine x2  
  160  13:36  Viking, Marine x3  
  164  13:46  Marine x2  
  164  13:48  Marine x2  
  167  13:54  Viking, Marine x3  
  166  14:02  Viking  
  161  14:03  Marine  
  161  14:04  Marine  
  161  14:06  Marine x2  
  163  14:12  Marine x3  
  163  14:15  Viking  
  165  14:21  Marine x2  
  165  14:23  Marine  
  165  14:24  Marine  
  158  14:29  Marine  
  158  14:30  Marine x2  
  130  14:39  Marine x2  
  130  14:41  Marine x2  
Show
View Real Time Build Order
Export as new Build Order

ShoWTimE Protoss - Winner!

Build Orders: 1 Gate Expand, Blink Stalkers, Zealot Archon 

Get SALT Encoding   

  12  0:00  Probe (Chrono Boost)  
  13  0:11  Probe (Chrono Boost)  
  14  0:18  Pylon  
  14  0:22  Probe (Chrono Boost)  
  15  0:36  Probe (Chrono Boost)  
  15  0:37  Gateway  
  16  0:43  Assimilator  
  16  0:46  Probe (Chrono Boost)  
  18  0:57  Probe (Chrono Boost)  
  18  1:07  Probe (Chrono Boost)  
  19  1:19  Nexus  
  19  1:31  Cybernetics Core  
  19  1:33  Probe (Chrono Boost)  
  20  1:40  Assimilator  
  20  1:44  Probe (Chrono Boost)  
  21  1:50  Pylon  
  21  1:54  Probe (Chrono Boost)  
  26  2:08  Adept  
  26  2:09  Mothership Core (Chrono Boost)  
  26  2:17  Warp Gate  
  26  2:27  Probe (Chrono Boost)  
  27  2:31  Probe (Chrono Boost)  
  27  2:35  Robotics Facility  
  28  2:38  Probe (Chrono Boost)  
  28  2:40  Adept  
  28  2:42  Probe (Chrono Boost)  
  32  2:49  Probe (Chrono Boost)  
  33  2:52  Probe (Chrono Boost)  
  33  2:54  Pylon  
  34  3:01  Probe (Chrono Boost)  
  34  3:05  Twilight Council  
  35  3:08  Probe (Chrono Boost)  
  35  3:12  Probe (Chrono Boost)  
  37  3:19  Probe (Chrono Boost)  
  38  3:20  Observer  
  38  3:24  Probe (Chrono Boost)  
  40  3:27  Blink  
  40  3:29  Probe (Chrono Boost), Gateway  
  40  3:32  Gateway  
  41  3:37  Probe (Chrono Boost)  
  41  3:41  Probe (Chrono Boost)  
  43  3:48  Assimilator  
  43  3:50  Probe (Chrono Boost)  
  43  3:55  Observer, Pylon  
  45  3:59  Probe (Chrono Boost)  
  45  4:02  Probe (Chrono Boost)  
  47  4:10  Probe (Chrono Boost)  
  47  4:14  Probe (Chrono Boost)  
  49  4:22  Probe (Chrono Boost)  
  50  4:29  Stalker x3  
  56  4:32  Pylon  
  56  4:36  Observer  
  57  4:47  Nexus  
  57  4:48  Pylon  
  57  4:59  Stalker x3  
  63  5:02  Probe (Chrono Boost)  
  63  5:03  Probe (Chrono Boost)  
  65  5:16  Probe (Chrono Boost)  
  66  5:23  Stalker x3  
  66  5:24  Warp Prism  
  66  5:27  Probe (Chrono Boost)  
  74  5:29  Probe (Chrono Boost)  
  74  5:31  Charge  
  74  5:40  Assimilator  
  74  5:41  Probe (Chrono Boost)  
  75  5:43  Probe (Chrono Boost)  
  75  5:50  Pylon  
  75  5:52  Probe (Chrono Boost)  
  75  5:55  Probe (Chrono Boost)  
  77  6:01  Probe (Chrono Boost)  
  77  6:02  Immortal  
  83  6:11  Probe (Chrono Boost)  
  83  6:12  Probe (Chrono Boost)  
  83  6:16  Sentry x2  
  87  6:19  Gateway  
  87  6:21  Gateway  
  87  6:24  Gateway  
  87  6:27  Probe (Chrono Boost)  
  87  6:28  Probe x2 (Chrono Boost)  
  87  6:32  Templar Archives  
  90  6:37  Gateway  
  90  6:45  Immortal, Gateway  
  90  6:46  Pylon  
  94  6:55  Zealot x2  
  98  7:03  Pylon  
  98  7:04  Zealot  
  98  7:06  Pylon  
  99  7:17  Zealot x4  
  99  7:18  Pylon  
  99  7:19  Immortal  
  107  7:27  High Templar x2  
  107  7:28  Pylon  
  115  7:33  Archon  
  115  7:39  Zealot x4  
  123  7:44  Zealot  
  123  7:52  Probe (Chrono Boost)  
  123  7:54  Probe x2 (Chrono Boost)  
  116  8:03  Probe (Chrono Boost)  
  115  8:06  Probe x2 (Chrono Boost)  
  115  8:11  High Templar x2  
  115  8:12  Zealot x4, High Templar x2  
  127  8:13  Resonating Glaives  
  127  8:16  Probe (Chrono Boost), Forge  
  127  8:18  Probe (Chrono Boost), Archon x2, Assimilator  
  131  8:20  Assimilator  
  131  8:22  Pylon  
  131  8:26  Probe (Chrono Boost)  
  133  8:27  Probe (Chrono Boost)  
  133  8:30  Probe (Chrono Boost)  
  134  8:38  Nexus  
  134  8:41  Pylon  
  134  8:42  Immortal  
  134  8:43  Probe x2 (Chrono Boost)  
  134  8:44  Pylon  
  134  8:47  Forge  
  140  8:50  Protoss Ground Armor Level 1  
  140  8:53  Pylon  
  140  9:04  Pylon  
  140  9:05  Protoss Ground Weapons Level 1, Pylon  
  140  9:07  Probe (Chrono Boost), Pylon  
  141  9:19  Stargate  
  141  9:23  Observer  
  142  9:30  Adept  
  142  9:31  Adept x3  
  148  9:37  Psionic Storm  
  149  9:39  High Templar x2  
  149  9:42  Probe x2 (Chrono Boost)  
  155  9:47  Assimilator  
  155  9:50  Assimilator  
  153  9:52  Zealot  
  153  9:53  Photon Cannon  
  153  9:55  Photon Cannon  
  149  10:07  Adept x4  
  149  10:08  Adept  
  149  10:12  Immortal  
  149  10:13  Fleet Beacon  
  161  10:16  Stargate  
  159  10:23  Oracle  
  156  10:34  Zealot x5  
  156  10:35  Zealot x3  
  166  10:51  Warp Prism  
  166  10:57  Protoss Ground Weapons Level 2, Protoss Ground Armor Level 2  
  164  10:59  Probe (Chrono Boost)  
  164  11:00  Probe x2 (Chrono Boost), Tempest x2  
  175  11:05  Stalker  
  176  11:12  Stalker  
  176  11:15  Stalker  
  175  11:34  Stalker x4  
  175  11:37  Tempest  
  155  11:44  Adept x4  
  137  11:49  Immortal  
  141  11:57  Adept x3  
  145  12:02  Tempest  
  145  12:04  Adept x2  
  153  12:16  High Templar  
  153  12:17  High Templar  
  153  12:21  Zealot x4  
  165  12:25  Probe (Chrono Boost)  
  165  12:26  Probe x2 (Chrono Boost)  
  165  12:28  Observer, High Templar x2  
  173  12:37  Tempest  
  173  12:40  Tempest  
  173  13:01  Adept x4  
  173  13:02  Adept  
  183  13:08  Adept x3  
  189  13:15  Oracle  
  189  13:17  Tempest  
  189  13:18  Observer  
  185  13:49  Adept x4  
  185  13:50  Tempest  
  185  13:57  Tempest  
  187  14:05  Nexus  
  185  14:11  High Templar x2  
  185  14:15  Archon  
  185  14:16  Adept x2  
  187  14:27  Pylon  
  187  14:31  Pylon  
  168  14:46  Adept x4  
  168  14:47  Adept x2  

Tags
 
Add a new tag
Caveats
  • Supply blocks, unpowered buildings, or Contaminate may cause inaccurate times.
  • Supply counts are checked every 10 seconds.